 Dungeon Crawl Stone Soup version 0.31-a0-986-g5e6e4ef867 (webtiles) character file.

Game seed: 1779709705048292835

106 ytrimaz the Sneak (level 4, -1/28 HPs)
             Began as an Octopode Shapeshifter on Nov 3, 2023.
             Slain by a gnoll
             ... wielding a +0 halberd
              (11 damage)
             ... on level 2 of the Dungeon.
             The game lasted 00:02:54 (1465 turns).

ytrimaz the Sneak (Octopode Shapeshifter)           Turns: 1465, Time: 00:02:55

Health: -1/28      AC:  1    Str: 13    XL:     4   Next: 84%
Magic:  4/4        EV: 13    Int: 12    God:
Gold:   44         SH:  0    Dex: 13    Spells: 3/3 levels left

rFire   . .          .
                       - Unarmed
rCold   . . .        (no shield)
rNeg    . . .        (helmet currently unavailable)
rPois   .            (no amulet)
rElec   .            (no ring)
rCorr   .            (no ring)
SInv    .            (no ring)
Will    .....        (no ring)
Stlth   ++++         (no ring)
HPRegen 0.24/turn    (no ring)
MPRegen 0.09/turn    (no ring)
                     (no ring)

%: no passive effects
@: mighty, beast-form, attractive
A: beast (slay +1), almost no armour, amphibious, 8 rings, camouflage 1,
gelatinous body 1, (nimble swimmer 1), tentacles
a: Begin Untransformation


You were on level 2 of the Dungeon.
You were a hulking beast.
You visited 1 branch of the dungeon, and saw 2 of its levels.

You collected 44 gold pieces.


Innate Abilities, Weirdness & Mutations

You are a hulking beast.
Your limbs bulge with bestial killing power. (Slay +1)
You cannot wear most types of armour.
You are amphibious.
You can wear up to eight rings at the same time.
Your skin changes colour to match your surroundings (Stealth+).
Your rubbery body absorbs attacks. (AC +1, EV +1)
((You are camouflaged when in or above water. (Stealth+)))
You have tentacles for arms and can constrict up to eight enemies at once.


   Skills:
 - Level 1.0 Fighting
 - Level 2.0 Dodging
 + Level 6.2 Stealth
 - Level 3.0 Unarmed Combat
 - Level 3.0 Shapeshifting


You had 3 spell levels left.
You didn't know any spells.
Your spell library contained the following spells:

 Spells                   Type           Power      Damage    Failure   Level
 Sublimation of Blood     Necr           0%         N/A       45%         2
 Petrify                  Tmut/Erth      0%         N/A       97%         4
 Irradiate                Conj/Tmut      0%         3d11      100%        5

Inventory:

Talismans
 b - a beast talisman
 c - a flux talisman
Scrolls
 d - 2 scrolls of poison {unknown}
 e - a scroll of enchant weapon {unknown}
 g - a scroll of fear {unknown}
 k - a scroll of teleportation {unknown}
 l - a scroll of noise {unknown}
 n - a scroll of amnesia {unknown}
Potions
 a - a potion of enlightenment {unknown}
 f - a potion of ambrosia {unknown}
 h - 2 potions of attraction
 i - a potion of degeneration {unknown}
 j - a potion of might
 m - 2 potions of haste {unknown}

Dungeon Overview and Level Annotations

Branches:
Dungeon (2/15) Zot: 10539

Altars:

Shops:
D:1

* #.#
#.........### #.#
##.......g## #<#
#.........# #####
#......g..# ...#
########...##'####
...#
#....#.....##†#
...#
#....#†###.##.#
...# #....'.#
#.##g# ...#
#....### #.hg.#
...###....# ######
....##....#
....####..##
###.####...#
#...##...#
###.>'...+
####...# #...#


You could see 2 gnolls.


Message History

You now have 28 max hp (-14).
Items here: ) [ ††.
Key pressed, stopping explore.
Unknown command. 😎 HP[+15]
Your hp is fully restored (28).
A frilled lizard is nearby!
A frilled lizard is nearby!
Unknown command.
A frilled lizard is nearby!
There is an open door here.
A frilled lizard is nearby!
A frilled lizard is nearby!
A frilled lizard is nearby!
You bludgeon the frilled lizard!
You kill the frilled lizard!
You pick up a book of Alchemy and begin reading...
You add the spells Sublimation of Blood, Petrify and Irradiate to your library.
Found a stone staircase leading down.
There is a stone staircase leading down here.
You open the door.
A bat comes into view.
There is an open door here.
A bat is nearby!
You tentacle-slap the bat.
You kill the bat!
a - a golden potion You now have 44 gold pieces (gained 7).
You open the door. 2 giant cockroaches come into view.
There are monsters nearby!
There are monsters nearby!
There are monsters nearby!
There is an open door here.
The helpless giant cockroach fails to defend itself.
You tentacle-slap the giant cockroach.
You kill the giant cockroach!
You completely miss the giant cockroach.
Your grab misses the giant cockroach. The giant cockroach misses you.
You tentacle-slap the giant cockroach but do no damage.
You grab the giant cockroach.
You constrict the giant cockroach, but do no damage.
The giant cockroach bites you. 😕 HP[-2]
You take 2 damage, and now have 26/28 hp.
You tentacle-slap the giant cockroach.
You kill the giant cockroach!
You see here a giant cockroach corpse. 😕 HP[+1]
You open the door.
A ball python comes into view. 😎 HP[+1]
Your hp is fully restored (28).
A ball python is nearby!
A ball python is nearby!
A ball python is nearby!
Found a stone staircase leading down.
There is an open door here.
The helpless ball python fails to defend itself.
You bludgeon the ball python!
You kill the ball python!
You see here a ball python corpse.
You see here a ball python corpse.
There is an open door here. 3 gnolls come into view.
You see here 10 gold pieces.
There are monsters nearby!
There are monsters nearby!
There are monsters nearby!
A gnoll comes into view. It is wielding a +0 spear.
The gnoll shouts! x3
The gnoll barely misses you. The gnoll attacks as it pursues you!
The gnoll hits you from afar with a +0 halberd!
There is an open door, spattered with blood here. 😮 HP[-7]
You take 7 damage, and now have 21/28 hp.
MASSIVE DAMAGE!! (PAUSE)
The gnoll attacks as it pursues you! The gnoll closely misses you.
You see here a ball python corpse.
The gnoll attacks as it pursues you!
The gnoll hits you from afar with a +0 halberd!
* * * LOW HITPOINT WARNING * * *
😨 HP[-13]
You take 13 damage, and now have 8/28 hp.
MASSIVE DAMAGE!! (PAUSE)
The gnoll attacks as it pursues you! The gnoll barely misses you. 😨 HP[+1]
Okay, then.
It was a potion of attraction.
You feel attractive to monsters. The gnoll barely misses you.
The gnoll is attracted toward you.
It was a potion of might.
You feel very mighty all of a sudden. The gnoll misses you.
You tentacle-slap the gnoll. You grab the gnoll.
You constrict the gnoll, but do no damage.
You tentacle-slap the gnoll. You constrict the gnoll.
The gnoll hits you with a +0 halberd!
You die...

Skill      XL: |  1  2  3  4 |
---------------+-------------+-----
Stealth        | 2 4 5 6 |  6.2
Fighting       | |  1.0
Dodging        | |  2.0
Unarmed Combat | |  3.0
Shapeshifting  | |  3.0

Action                     |  1- 3 |  4- 6 || total
---------------------------+-------+-------++-------
  Melee: Unarmed           |    54 |    44 ||    98
         Constrict         |    14 |    11 ||    25
         Tentacles         |    15 |     6 ||    21
         Punch             |     3 |     1 ||     4
    Use: Potion            |       |     3 ||     3
   Stab: Sleeping          |     7 |     2 ||     9
 Armour: Skin              |    26 |    20 ||    46
  Dodge: Dodged            |    41 |    19 ||    60

Levels and vault maps discovered:
D:1:      dpeg_arrival_prison, layout_basic, serial_shops, shop,
          serial_bayou_crossing
D:2:      layout_basic, uniq_terence, uniq_robin

Notes
Turn   | Place    | Note
-------+----------+-------------------------------------------
     0 | D:1      | ytrimaz the Octopode Shapeshifter began the quest for the
                  | Orb.
     0 | D:1      | Reached XP level 1. HP: 13/13 MP: 1/1
     0 | D:1      | magus.rc [v1.9.6]
    41 | D:1      | Reached skill level 1 in Stealth
    80 | D:1      | Reached skill level 2 in Stealth
    99 | D:1      | Reached XP level 2. HP: 16/18 MP: 2/2
   173 | D:1      | Reached skill level 3 in Stealth
   186 | D:1      | Found Souploblon's General Store.
   249 | D:1      | HP: 4/18 [gnoll/+0 spear (10)]
   252 | D:1      | Reached skill level 4 in Stealth
   252 | D:1      | Reached XP level 3. HP: 6/23 MP: 3/3
  1033 | D:2      | Noticed Robin
  1045 | D:2      | Killed Robin
  1046 | D:2      | Reached skill level 5 in Stealth
  1046 | D:2      | Reached XP level 4. HP: 25/28 MP: 4/4
  1059 | D:2      | HP: 6/28 [goblin/+0 club[Robin] (4)]
  1236 | D:2      | Noticed Terence
  1277 | D:2      | Killed Terence
  1278 | D:2      | Reached skill level 6 in Stealth
  1386 | D:2      | You pick up a book of Alchemy and begin reading...
  1386 | D:2      | You add the spells Sublimation of Blood, Petrify and
                  | Irradiate to your library.
  1465 | D:2      | Slain by a gnoll

Vanquished Creatures
  Terence (D:2)
  Robin (D:2)
  A gnoll (D:1)
  A worm (D:2)
  4 bats
  5 endoplasms (D:1)
  4 giant cockroaches
  16 goblins
  3 hobgoblins
  4 kobolds
  7 ball pythons
  3 frilled lizards
  4 rats
54 creatures vanquished.

Table legend:
 A = Non-vault XP
 B = Vault XP
 C = Vault XP percentage of total XP
 D = Non-vault monster count
 E = Vault monster count
 F = Vault count percentage of total count
                 A         B        C        D         E       F
            +---------+---------+-------+---------+---------+-------
      Total |      77 |      75 |  49.3 |      39 |      15 |  27.8
            +---------+---------+-------+---------+---------+-------
        D:1 |      59 |       2 |   3.3 |      28 |       1 |   3.4
        D:2 |      18 |      73 |  80.2 |      11 |      14 |  56.0
            +---------+---------+-------+---------+---------+-------

Skill      XL: |  1  2  3  4 |
---------------+-------------+-----
Stealth        | 2 4 5 6 |  6.2
Fighting       | |  1.0
Dodging        | |  2.0
Unarmed Combat | |  3.0
Shapeshifting  | |  3.0

Action                     |  1- 3 |  4- 6 || total
---------------------------+-------+-------++-------
  Melee: Unarmed           |    54 |    44 ||    98
         Constrict         |    14 |    11 ||    25
         Tentacles         |    15 |     6 ||    21
         Punch             |     3 |     1 ||     4
    Use: Potion            |       |     3 ||     3
   Stab: Sleeping          |     7 |     2 ||     9
 Armour: Skin              |    26 |    20 ||    46
  Dodge: Dodged            |    41 |    19 ||    60

Illustrated notes

Table legend:
 A = Kills in this place as a percentage of kills in the entire game.
 B = Kills by you in this place as a percentage of kills by you in the entire game.
 C = Kills by friends in this place as a percentage of kills by friends in the entire game.
 D = Other kills in this place as a percentage of other kills in the entire game.
 E = Experience gained in this place as a percentage of experience gained in the entire game.
 F = Experience gained in this place divided by the number of levels of this place that you have seen.
                   A       B       C       D       E      F
               +-------+-------+-------+-------+-------+----------------------
         Total | 100.0 | 100.0 |   N/A |   N/A | 100.0 |  76.0
       Dungeon | 100.0 | 100.0 |   N/A |   N/A | 100.0 |  76.0
               +-------+-------+-------+-------+-------+----------------------

Table legend: (Time is in decaauts)
 A = Elapsed time spent in this place.
 B = Non-inter-level travel time spent in this place.
 C = Inter-level travel time spent in this place.
 D = Time resting spent in this place.
 E = Time spent auto-exploring this place.
 F = Levels seen in this place.
 G = Mean time per level.
                   A        B        C        D        E       F      G
               +--------+--------+--------+--------+--------+-----+--------+
         Total |   1459 |   1435 |     24 |      4 |   1055 |   2 |  729.5 |
       Dungeon |   1459 |   1435 |     24 |      4 |   1055 |   2 |  729.5 |
               +--------+--------+--------+--------+--------+-----+--------+

Top non-repeatable levels by time:
     D:1: 1021 daAuts
     D:2: 438 daAuts
